 Dungeon Crawl Stone Soup version 0.27-a0-1595-g0b823d0a13 (webtiles) character file.

Game seed: 4836370834399360727

8600 zazu2006 the Covert (level 11, -11/96 HPs)
             Began as a Naga Hedge Wizard on July 21, 2021.
             Was a Follower of Vehumet.
             Killed from afar by an ice dragon (30 damage)
             ... with a blast of cold
             ... on level 10 of the Dungeon.
             The game lasted 00:31:01 (12040 turns).

zazu2006 the Covert (Naga Hedge Wizard)            Turns: 12040, Time: 00:31:02

Health: -11/96     AC:  6    Str: 13    XL:     11   Next: 33%
Magic:  16/31      EV: 14    Int: 16    God:    Vehumet [*.....]
Gold:   726        SH:  0    Dex: 12    Spells: 13/25 levels left

rFire    . . .     SeeInvis +   C - +3 falchion
rCold    . . .     Faith    .   (no shield)
rNeg     . . .     Spirit   .   n - +0 troll leather armour {Purgy}
rPois    +         Reflect  .   c - +0 hat
rElec    .         Harm     .   (no cloak)
rCorr    .         Rampage  .   (no gloves)
Will     +....                  (no barding)
Stlth    ++++......             (no amulet)
HPRegen  1.26/turn              f - ring of magical power
MPRegen  0.22/turn              p - +4 ring of evasion

@: very slow
A: AC +3, large, see invisible, deformed body, poison resistance, slowness 2,
spit poison 1, naga tail 1
a: Spit Poison, Renounce Religion


You were on level 10 of the Dungeon.
You worshipped Vehumet.
Vehumet was aware of your devotion.
You visited 2 branches of the dungeon, and saw 11 of its levels.
You also visited: Sewer.

You collected 726 gold pieces.

Inventory:

Hand Weapons
 i - a +1 short sword of flaming
 s - the +3 dagger "Witivu" {speed, rN+ rCorr Int-4}
   (You found it on level 4 of the Dungeon)

   Attacks with this weapon are significantly faster.
   Int:       It affects your intelligence (-4).
   rN:        It protects you from negative energy.
   rCorr:     It protects you from acid and corrosion.
 C - a +3 falchion (weapon)
 D - the +5 hand axe "Vico" {elec, +Blink Str+4}
   (You found it on level 7 of the Dungeon)

   It occasionally discharges a powerful burst of electricity upon striking a
   foe.
   Str:       It affects your strength (+4).
   +Blink:    It lets you blink.
 H - a +5 great sword of freezing
Armour
 c - a +0 hat (worn)
 n - a +0 troll leather armour (worn) {Purgy}
Jewellery
 f - a ring of magical power (left hand)
 p - a +4 ring of evasion (right hand)
 t - an amulet of guardian spirit
 x - a ring of willpower
 G - a ring of flight
 J - a +6 ring of dexterity
Wands
 u - a wand of paralysis (15)
 y - a wand of flame (15)
 I - a wand of iceblast (19)
Scrolls
 a - 2 scrolls of vulnerability {unknown}
 d - 3 scrolls of blinking {unknown}
 e - a scroll of torment
 g - 2 scrolls of identify
 k - a scroll of noise
 l - 2 scrolls of enchant weapon {unknown}
 r - 3 scrolls of brand weapon
 v - 2 scrolls of teleportation
 B - a scroll of immolation
 K - a scroll of holy word {unknown}
 M - a scroll of enchant armour {unknown}
Potions
 b - 7 potions of brilliance
 h - a potion of attraction
 j - a potion of flight
 m - a potion of mutation
 o - 5 potions of might
 q - a potion of invisibility
 w - 3 potions of heal wounds
 z - a potion of degeneration {unknown}
 A - a potion of resistance {unknown}
 E - 3 potions of curing
 L - a potion of lignification {unknown}


   Skills:
 + Level 5.6 Fighting
 + Level 6.8 Long Blades
 + Level 3.7 Armour
 + Level 4.1 Dodging
 + Level 9.8 Stealth
 + Level 7.8 Spellcasting
 + Level 6.9 Conjurations
 + Level 1.0 Summonings
 + Level 1.7 Translocations
 + Level 0.5 Fire Magic
 + Level 2.2 Air Magic
 + Level 0.9 Earth Magic
 + Level 5.0 Poison Magic
 + Level 1.3 Evocations


You had 13 spell levels left.
You knew the following spells:

 Your Spells              Type           Power      Damage    Failure   Level
a - Magic Dart            Conj           100%       1d8       1%          1
b - Mephitic Cloud        Conj/Pois/Air  21%        N/A       6%          3
c - Conjure Flame         Conj/Fire      18%        6-21      9%          3
d - Blink                 Tloc           N/A        N/A       11%         2
e - Stone Arrow           Conj/Erth      36%        3d9       9%          3

Your spell library contained the following spells:

 Spells                   Type           Power      Damage    Failure   Level
 Poisonous Vapours        Pois/Air       34%        N/A       4%          2
 Static Discharge         Conj/Air       20%        N/A       3%          2
 Sandblast                Erth           18%        2d7       10%         1
 Animate Skeleton         Necr           12%        N/A       14%         1
 Freeze                   Ice            24%        1d5       14%         1
 Pain                     Necr           24%        1d5       14%         1
 Call Imp                 Summ           9%         N/A       14%         2
 Swiftness                Air            13%        N/A       17%         3
 Passwall                 Tmut/Erth      5%         N/A       19%         2
 Slow                     Hex            6%         N/A       22%         2
 Sublimation of Blood     Necr           3%         N/A       22%         2
 Wereblood                Tmut           6%         N/A       22%         2
 Hailstorm                Conj/Ice       17%        3d6       32%         4
 Frozen Ramparts          Ice            12%        1d3       38%         3
 Ozocubu's Armour         Ice            6%         N/A       38%         3
 Vampiric Draining        Necr           3%         2d6       38%         3
 Lightning Bolt           Conj/Air       10%        1d23      52%         5
 Animate Armour           Summ/Erth      18%        N/A       67%         4
 Borgnjor's Vile Clutch   Necr/Erth      3%         N/A       97%         5
 Invisibility             Hex            3%         N/A       100%        6
 Ozocubu's Refrigeration  Ice            3%         4d5       100%        7
 Summon Hydra             Summ           4%         N/A       100%        7
 Disjunction              Tloc           5%         N/A       100%        8
 Lehudib's Crystal Spear  Conj/Erth      9%         10d4      100%        8
 Maxwell's Capacitive Co  Air            6%         ∞         100%        8


Dungeon Overview and Level Annotations

Branches:
Dungeon (10/15)            Temple (1/1) D:6            Lair (0/6) D:9
  Sewer (visited)
    Orc: D:9-12

Altars:
Cheibriados
Dithmenos
Elyvilon
Fedhas
Gozag
Hepliaklqana
Nemelex Xobeh
Ru
Sif Muna
Trog
Uskayaw
Vehumet
Xom
Yredelemnul
Zin
The Shining One

Shops:
D:1 =   D:6 *   D:9 *


Innate Abilities, Weirdness & Mutations

Your serpentine skin is tough. (AC +3)
You have supernaturally acute eyesight. (SInv)
Armour fits poorly on your strangely shaped body.
Your system is resistant to poisons. (rPois)
You cover ground very slowly.
You can spit poison.
You have a snake-like lower body.


Message History

The blast of cold hits the ice beast.
The ice beast completely resists.
The blast of cold hits you! The ice beast misses you.
You slash the ice beast!
The ice beast is severely wounded.
You closely miss the ice dragon.
The ice dragon is almost dead.
You closely miss the ice dragon.
The ice dragon is almost dead.
The polar bear bites the ice beast.
The polar bear claws the ice beast.
The polar bear closely misses the ice beast.
The polar bear barely misses itself.
The polar bear claws itself but does no damage.
The polar bear claws itself.
The ice dragon bites you but does no damage.
The ice dragon claws you. The ice dragon tramples you!
* * * LOW HITPOINT WARNING * * *
You stumble backwards!
Aiming: Throw Flame
Press: ? - help, Shift-Dir - straight line, f/p - ice dragon
Aim: an ice dragon (severely wounded, catching its breath, 77% to hit)
The puff of flame misses the ice dragon.
The puff of flame hits the ice beast.
The ice beast melts!
The ice beast is almost dead.
The polar bear seems less confused.
The ice dragon barely misses you.
You riposte.
You hit the ice dragon but do no damage.
The ice dragon is severely wounded.
The ice dragon closely misses you. The ice dragon misses you.
Casting: Blink (safe; 11% risk of failure)
Confirm with . or Enter, or press ? or * to list all spells.
You blink.
The polar bear bites you!
* * * LOW HITPOINT WARNING * * *
The polar bear claws you but does no damage.
The polar bear claws you.
* * * LOW HITPOINT WARNING * * *
The ice dragon breathes frost at you.
The blast of cold hits the ice beast.
The ice beast completely resists.
The blast of cold hits the ice beast.
The ice beast completely resists.
The blast of cold hits you!!
You die...

...####...##.######
...'.........<....# #.##
...####...##########...#
..## ##.## #..... .## #.#
#...... ## #.#
##..##.##..## #
#.#######..#.....#..#####
#..§DY.#...#..}..#...#$.
#.####YY.@.?.)⌠[....... #
#.# ###h..#..:..#...# ##
#D# ##..#.....#..#
.#######.# ##..##.##..#
.........# #......§#
########## ##.....## #
##...## ### ##.## ..####
#..#


You could see an ice dragon (catching breath), a polar bear and 3 ice beasts.

Vanquished Creatures
  A centaur warrior (D:9)
  A tengu warrior (D:10)
  An ugly thing (D:9)
  An elephant (D:9)
  A troll (D:7)
  A polar bear (D:10)
  Prince Ribbit (D:5)
  A shadow (D:10)
  A wyvern (D:9)
  19 yaks
  A basilisk (D:9)
  Edmund (D:5)
  An acid dragon (D:10)
  3 water moccasins
  An orc warrior (D:9)
  A sky beast (D:7)
  Purgy (Sewer)
  3 black bears
  2 necrophages
  5 centaurs
  An ogre (D:6)
  A kobold brigand (D:9)
  A bullfrog (D:9)
  3 scorpions
  A water moccasin zombie (D:5)
  A wyvern skeleton (D:6)
  9 wights
  3 howler monkeys
  2 centaur zombies
  An orc priest (D:4)
  2 hounds
  A jelly (D:6)
  A bullfrog skeleton (D:5)
  A gnoll shaman (D:4)
  A centaur skeleton (D:5)
  3 iguanas
  Ijyb (D:4)
  2 hound skeletons
  A howler monkey zombie (D:10)
  3 gnolls (D:4)
  6 adders
  6 worms
  5 dart slugs
  10 orcs
  9 endoplasms
  5 giant cockroaches
  5 hobgoblins
  17 jackals
  6 quokkas
  8 ball pythons
  3 bats
  3 frilled lizards
  5 goblins
  A jackal skeleton (D:4)
  7 kobolds
  8 rats
190 creatures vanquished.

Vanquished Creatures (others)
  2 fungi (D:9)
  2 plants (D:9)
4 creatures vanquished.

Grand Total: 194 creatures vanquished

Notes
Turn   | Place    | Note
-------+----------+-------------------------------------------
     0 | D:1      | zazu2006 the Naga Hedge Wizard began the quest for the Orb.
     0 | D:1      | Reached XP level 1. HP: 15/15 MP: 4/4
   369 | D:1      | Reached XP level 2. HP: 15/22 MP: 0/6
   633 | D:1      | Found Ywataosy's Jewellery Boutique.
  1051 | D:1      | Reached XP level 3. HP: 7/28 MP: 8/8
  1582 | D:2      | Found a faded altar of an unknown god.
  1935 | D:2      | Reached XP level 4. HP: 23/36 MP: 10/10
  1946 | D:2      | Learned a level 3 spell: Mephitic Cloud
  1950 | D:2      | Learned a level 3 spell: Conjure Flame
  1953 | D:2      | Learned a level 2 spell: Blink
  2543 | D:2      | Got the Guide on the Voyage and the Rocks
  3389 | D:3      | Reached skill level 1 in Fighting
  4432 | D:4      | Reached XP level 5. HP: 33/44 MP: 8/11
  4821 | D:4      | Reached skill level 1 in Poison Magic
  4991 | D:4      | Reached XP level 6. HP: 51/51 MP: 13/13
  5272 | D:4      | Identified the +3 dagger "Witivu" {speed, rN+ rCorr Int-4}
  5339 | D:4      | Noticed Ijyb
  5348 | D:4      | Reached skill level 1 in Armour
  5402 | D:4      | Learned a level 3 spell: Stone Arrow
  5437 | D:4      | Noticed a black bear
  5461 | D:4      | Killed a black bear
  5462 | D:4      | Reached skill level 5 in Spellcasting
  5771 | D:4      | Paralysed by Ijyb for 7 turns
  5798 | D:4      | Killed Ijyb
  5799 | D:4      | Reached skill level 4 in Stealth
  5799 | D:4      | Reached XP level 7. HP: 23/57 MP: 14/14
  6402 | D:5      | Entered Level 5 of the Dungeon
  6604 | D:5      | Noticed Prince Ribbit
  6617 | D:5      | Killed Prince Ribbit
  6618 | D:5      | Reached skill level 5 in Stealth
  6618 | D:5      | Reached skill level 1 in Air Magic
  6618 | D:5      | Reached XP level 8. HP: 67/67 MP: 12/16
  7236 | D:5      | Noticed Edmund
  7249 | D:5      | Killed Edmund
  7732 | D:6      | Found a glowing drain.
  7736 | Sewer    | Entered a sewer
  7858 | Sewer    | Noticed Purgy
  7866 | Sewer    | Killed Purgy
  8069 | D:6      | Found a staircase to the Ecumenical Temple.
  8256 | D:6      | Found Baorumext's General Store.
  8493 | D:6      | Reached skill level 5 in Conjurations
  8521 | D:6      | Reached XP level 9. HP: 71/75 MP: 18/18
  8592 | Temple   | Entered the Ecumenical Temple
  8597 | Temple   | Became a worshipper of Vehumet
  8740 | D:7      | Identified the +5 hand axe "Vico" {elec, +Blink Str+4}
  9005 | D:7      | Reached skill level 6 in Stealth
  9005 | D:7      | Reached skill level 1 in Evocations
  9341 | D:7      | Noticed a troll
  9389 | D:7      | Killed a troll
  9390 | D:7      | Reached skill level 1 in Long Blades
 10555 | D:9      | Noticed an elephant
 10556 | D:9      | Reached XP level 10. HP: 57/82 MP: 20/20
 10561 | D:9      | Reached * piety under Vehumet
 10561 | D:9      | Offered knowledge of Shock by Vehumet.
 10570 | D:9      | Killed an elephant
 10589 | D:9      | Found a staircase to the Lair.
 10633 | D:9      | Reached skill level 5 in Long Blades
 10724 | D:9      | Found Defeuruh's Assorted Antiques.
 10885 | D:9      | Found a sacrificial altar of Ru.
 10887 | D:9      | Found a white marble altar of Elyvilon.
 10887 | D:9      | Found a shimmering altar of Xom.
 10889 | D:9      | Found a glowing golden altar of the Shining One.
 10889 | D:9      | Found a glowing golden altar of the Shining One.
 10889 | D:9      | Found a sparkling altar of Nemelex Xobeh.
 10969 | D:9      | Noticed a centaur warrior
 10971 | D:9      | Killed a centaur warrior
 10972 | D:9      | Reached skill level 7 in Stealth
 11015 | D:9      | Noticed a green ugly thing
 11023 | D:9      | Killed a green ugly thing
 11024 | D:9      | Reached skill level 8 in Stealth
 11210 | D:9      | Reached skill level 5 in Fighting
 11414 | D:10     | Entered Level 10 of the Dungeon
 11549 | D:10     | Reached XP level 11. HP: 86/96 MP: 22/22
 11579 | D:10     | Noticed a tengu warrior
 11598 | D:10     | Killed a tengu warrior
 11599 | D:10     | Reached skill level 9 in Stealth
 11599 | D:10     | Reached skill level 5 in Poison Magic
 11978 | D:10     | Noticed an ice dragon
 11979 | D:10     | Found the +8 frozen axe "Frostbite" {freezing cloud, *Noise
                  | Fly rC+}
 12015 | D:10     | Offered knowledge of Poisonous Vapours by Vehumet.
 12040 | D:10     | Killed from afar by an ice dragon

Illustrated notes

Levels and vault maps discovered:
D:1:      zelgadis_glass_arrival_small, layout_rooms, serial_shops,
          nicolae_shop_trees
D:2:      layout_loops_ring, serial_aquarium, aquarium_bridge_square
          [aquarium_subvault_window, aquarium_subvault_bridge,
          aquarium_subvault_bridge, aquarium_subvault_wall], aquarium_window_2,
          aquarium_window_3, aquarium_window_corner, aquarium_window_corner,
          aquarium_view_2d, aquarium_view_2c, aquarium_balcony_3b,
          hellmonk_ecumenical_altar_dog_temple
D:3:      layout_basic, minmay_misc_feat_more_columns
D:4:      wad_river_or_something, layout_basic, kennysheep_generic_room_12,
          uniq_ijyb
D:5:      wander_river, layout_basic, minivault_1, uniq_edmund,
          uniq_prince_ribbit1
D:6:      layout_loops_cross, minmay_temple_entry_junction, serial_shops,
          nicolae_take_the_stairs, gup_sewer_entry_bowl
D:7:      layout_loops_ring, grunt_tough_drop
D:8:      layout_loops_cross
D:9:      layout_loops_ring, doesnt_xom_only_xom, david_lair_generic,
          serial_shops, shop, kennysheep_generic_room_11
D:10:     minmay_coctagon, layout_loops_corners, serial_shops,
          kennysheep_little_box, lemuel_flamethrower_2
Temple:   dpeg_three_leaves_temple

Skill      XL: |  1  2  3  4  5  6  7  8  9 10 11 |
---------------+----------------------------------+-----
Spellcasting   | 4 5 6 7 |  7.8
Fighting       | 1 3 4 5 |  5.6
Conjurations   | 2 3 5 6 |  6.9
Poison Magic   | 1 3 4 5 |  5.0
Armour         | 1 2 3 |  3.7
Stealth        | 4 5 6 8 9 |  9.8
Dodging        | 2 3 4 |  4.1
Air Magic      | 1 2 |  2.2
Evocations     | 1 |  1.3
Long Blades    | 3 6 |  6.8
Summonings     | |  1.0
Translocations | |  1.7
Fire Magic     | |  0.5
Earth Magic    | |  0.9

Action                   |  1- 3 |  4- 6 |  7- 9 | 10-12 || total
-------------------------+-------+-------+-------+-------++-------
Melee: Dagger            |     7 |       |       |       ||     7
       Short sword       |    27 |    72 |    29 |       ||   128
       Falchion          |       |       |   119 |   171 ||   290
       Great sword       |       |       |     2 |    11 ||    13
 Cast: Magic Dart        |    63 |   154 |   191 |     4 ||   412
       Blink             |       |     4 |     4 |     9 ||    17
       Mephitic Cloud    |       |     9 |    15 |    20 ||    44
       Conjure Flame     |       |       |     2 |     8 ||    10
       Stone Arrow       |       |       |     1 |     5 ||     6
 Abil: Spit Poison       |     9 |    15 |    24 |     6 ||    54
Evoke: Wand              |       |       |     5 |     6 ||    11
  Use: Scroll            |       |       |    14 |       ||    14
       Potion            |       |       |       |     1 ||     1
 Stab: Confused          |       |     4 |     4 |    16 ||    24
       Sleeping          |       |     1 |       |     3 ||     4
       Paralysed         |       |       |     3 |       ||     3
Armor: Robe              |     8 |     1 |       |       ||     9
       Leather armour    |       |    15 |    21 |       ||    36
       Troll leather arm |       |       |    31 |    42 ||    73
Dodge: Dodged            |    26 |    58 |   150 |   125 ||   359
       Rpst.: Falchion   |       |       |    28 |    31 ||    59
       Great sword       |       |       |       |     1 ||     1

Table legend: (Time is in decaauts)
 A = Elapsed time spent in this place.
 B = Non-inter-level travel time spent in this place.
 C = Inter-level travel time spent in this place.
 D = Time resting spent in this place.
 E = Time spent auto-exploring this place.
 F = Levels seen in this place.
 G = Mean time per level.
                   A        B        C        D        E       F      G
               +--------+--------+--------+--------+--------+-----+--------+
         Total |  14655 |  14151 |    504 |    778 |  11256 |  12 | 1221.2 |
       Dungeon |  14380 |  13883 |    497 |    778 |  11116 |  10 | 1438.0 |
        Temple |     14 |      7 |      7 |      0 |      0 |   1 |   14.0 |
         Sewer |    260 |    260 |      0 |      0 |    140 |   1 |  260.0 |
               +--------+--------+--------+--------+--------+-----+--------+

Top non-repeatable levels by time:
     D:4: 2258 daAuts
     D:2: 1961 daAuts
     D:1: 1765 daAuts
     D:5: 1516 daAuts
     D:3: 1474 daAuts
     D:7: 1330 daAuts
     D:9: 1303 daAuts
     D:6: 1019 daAuts
     D:8: 999 daAuts
    D:10: 751 daAuts
   Sewer: 260 daAuts
  Temple: 14 daAuts
